 Dungeon Crawl Stone Soup version 0.25-a0-317-g5f8687bca5 (webtiles) character file.

Game seed: 8993679281355410388, levelgen mode: deterministic

311 Error4North the Chopper (level 6, -8/52 HPs)
             Began as a Hill Orc Fighter on Dec 26, 2019.
             Killed by divine providence
             ... invoked by an orc priest
              (10 damage)
             ... on level 4 of the Dungeon.
             The game lasted 00:08:00 (3588 turns).

Error4North the Chopper (Hill Orc Fighter)          Turns: 3588, Time: 00:08:01

Health: -8/52      AC:  9    Str: 21    XL:     6   Next: 42%
Magic:  7/7        EV:  2    Int:  8    God:
Gold:   173        SH:  9    Dex: 10    Spells: 7/7 levels left

rFire    . . .     SeeInvis .   a - +0 war axe
rCold    . . .     Gourm    .   c - +0 shield
rNeg     . . .     Faith    .   k - +0 chain mail
rPois    .         Spirit   .   (no helmet)
rElec    .         Reflect  .   (no cloak)
rCorr    .         Harm     .   (no gloves)
MR       .....                  (no boots)
Stlth    ..........             (no amulet)
HPRegen  0.17/turn              e - -3 ring of evasion (curse)
MPRegen  0.10/turn              (no ring)

@: invisible
A: no striking features
a: no special abilities


You were on level 4 of the Dungeon.
You were hungry.

You visited 1 branch of the dungeon, and saw 4 of its levels.

You collected 173 gold pieces.

Inventory:

Hand Weapons
 a - a +0 war axe (weapon)
Missiles
 g - 33 sling bullets
 h - 174 stones (quivered)
Armour
 c - a +0 shield (worn)
 k - a +0 chain mail (worn)
Jewellery
 e - a cursed -3 ring of evasion (left hand)
 o - an uncursed ring of stealth {unknown}
 x - an uncursed ring of see invisible {unknown}
Scrolls
 j - 3 scrolls of identify {unknown}
 m - 2 scrolls of remove curse {unknown}
 n - a scroll of immolation {unknown}
 p - a scroll of enchant armour {unknown}
 q - 2 scrolls of blinking {unknown}
 t - 3 scrolls of teleportation {unknown}
 u - a scroll of amnesia {unknown}
 w - a scroll of fear {unknown}
Potions
 b - 2 potions of invisibility
 d - a potion of might
 i - 2 potions of degeneration {unknown}
 l - 2 potions of lignification {unknown}
 r - a potion of brilliance {unknown}
 s - a potion of flight {unknown}
 v - a potion of cancellation {unknown}
Comestibles
 f - 5 rations


   Skills:
 + Level 4.3 Fighting
 + Level 5.7 Axes
 * Level 4.1 Armour
 + Level 0.1 Dodging
 * Level 4.8 Shields
 * Level 1.1 Spellcasting


You had 7 spell levels left.
You didn't know any spells.
Your spell library was empty.

Dungeon Overview and Level Annotations

Branches:
Dungeon (4/15)
 Temple: D:4-7

Altars:
Dithmenos
Elyvilon
Kikubaaqudgha


Message History

The puff of frost hits you!
* * * LOW HITPOINT WARNING * * *
You closely miss the orc wizard.
The orc wizard is heavily wounded.
You closely miss the orc priest. You closely miss the quokka.
The orc priest shouts, "Beogh is our master!
Accept the truth or die!"
The quokka bites you.
* * * LOW HITPOINT WARNING * * *
The orc wizard points at you and mumbles some strange words.
The puff of flame hits you.
* * * LOW HITPOINT WARNING * * *
The orc priest barely misses you. You block the quokka's attack.
It was a potion of invisibility.
You fade into invisibility!
The orc wizard hits you with a +0 dagger.
* * * LOW HITPOINT WARNING * * *
The quokka bites you but does no damage.
The orc priest calls down the wrath of Beogh upon you.
Beogh smites you!
You die...

###.##.....#.#
....###.###..# ..
.....##.###.## .#
...#....##..# ##.#
##.####..#.####...###
#.# #....##..##...
#.# ##...##8).8#.#
##.. #..........or#
####..........>.@o# #
###.....#8..8### #
##.#####.)## #..
#.### #..# ... #.#
#### ..


You could see an orc priest, an orc wizard and a quokka.

Vanquished Creatures
  A hound (D:4)
  An orc priest (D:4)
  Jessica (D:3)
  A worker ant (D:3)
  7 gnolls
  5 adders
  4 worms
  A dart slug (D:1)
  4 leopard geckos
  2 orcs
  6 bats
  3 giant cockroaches
  9 goblins
  6 hobgoblins
  8 jackals
  3 ball pythons (D:1)
  A ball python skeleton (D:3)
  2 frilled lizards
  7 kobolds
  A quokka skeleton (D:3)
  3 rats
76 creatures vanquished.

Notes
Turn   | Place    | Note
-------+----------+-------------------------------------------
     0 | D:1      | Error4North the Hill Orc Fighter began the quest for the
                  | Orb.
     0 | D:1      | Reached XP level 1. HP: 19/19 MP: 1/1
    25 | D:1      | Reached skill level 3 in Axes
    95 | D:1      | Reached XP level 2. HP: 27/27 MP: 2/2
   346 | D:1      | Reached XP level 3. HP: 33/33 MP: 3/3
   832 | D:2      | Reached XP level 4. HP: 39/40 MP: 4/4
  1063 | D:2      | Reached skill level 4 in Axes
  1249 | D:2      | Reached skill level 1 in Spellcasting
  1260 | D:2      | Reached XP level 5. HP: 37/46 MP: 6/6
  1813 | D:2      | Found a white marble altar of Elyvilon.
  1818 | D:2      | Found an ancient bone altar of Kikubaaqudgha.
  2367 | D:3      | Found a shadowy altar of Dithmenos.
  2509 | D:3      | Noticed Jessica
  2523 | D:3      | Killed Jessica
  2523 | D:3      | Reached skill level 5 in Axes
  3377 | D:4      | Reached XP level 6. HP: 49/52 MP: 7/7
  3588 | D:4      | HP: 2/52 [orc wizard/+0 dagger (2)]
  3588 | D:4      | Killed from afar by an orc priest

Levels and vault maps discovered:
D:1:      saegor_arrival_simple_d, layout_basic
D:2:      layout_loops_cross, amethyst_overflow_temple_binary, st_stairs_9,
          minmay_misc_feat_enclosed
D:3:      layout_basic, lemuel_round_altar, first_ration, serial_corexii_hall,
          corexii_hall_statues_x, corexii_hall_statues_s,
          chequers_hall_statues_wall_a, kennysheep_generic_room_3, uniq_jessica
D:4:      layout_rooms, grunt_ministairs_9, st_stairs_6, patterned_corridor

Skill      XL: |  1  2  3  4  5 |
---------------+----------------+-----
Axes           | 3 4 5 |  5.7
Fighting       | 4 |  4.3
Shields        | 4 |  4.8
Spellcasting   | 1 |  1.1
Armour         | 4 |  4.1
Dodging        | |  0.1

Action                   |  1- 3 |  4- 6 || total
-------------------------+-------+-------++-------
Melee: War axe           |   122 |   171 ||   293
  Use: Potion            |       |     1 ||     1
  Eat: Chunk             |       |     5 ||     5
       Ration            |       |     1 ||     1
Armor: Scale mail        |    15 |       ||    15
       Chain mail        |    92 |   120 ||   212
Dodge: Dodged            |    16 |    14 ||    30
Block: Shield            |    83 |    96 ||   179

Table legend:
 A = Non-vault XP
 B = Vault XP
 C = Vault XP percentage of total XP
 D = Non-vault monster count
 E = Vault monster count
 F = Vault count percentage of total count
                 A         B        C        D         E       F
            +---------+---------+-------+---------+---------+-------
      Total |     387 |      58 |  13.0 |      72 |       4 |   5.3
            +---------+---------+-------+---------+---------+-------
        D:1 |      54 |       0 |   0.0 |      29 |       0 |   0.0
        D:2 |     113 |      16 |  12.4 |      20 |       2 |   9.1
        D:3 |      76 |      37 |  32.7 |      16 |       1 |   5.9
        D:4 |     144 |       5 |   3.4 |       7 |       1 |  12.5
            +---------+---------+-------+---------+---------+-------
